 Dungeon Sprint DCSS version 0.25.0-46-gbd7b0854d2 (webtiles) character file.

Game seed: 2230515492625596826

215 MordorOrchid the Covert (level 5, -1/29 HPs)
             Began as a Spriggan Enchanter on July 17, 2020.
             Was a Follower of Sif Muna.
             Slain by a spriggan
             ... wielding a +0 short sword
              (10 damage)
             ... in the Dungeon (Sprint IV: "Fedhas' Mad Dash").
             The game lasted 00:03:51 (166 turns).

MordorOrchid the Covert (Spriggan Enchanter)         Turns: 166, Time: 00:03:52

Health: -1/29      AC:  2    Str:  4    XL:     5   Next: 60%
Magic:  0/13       EV: 20    Int: 18    God:    Sif Muna [*.....]
Gold:   56         SH:  0    Dex: 16    Spells: 7/13 levels left

rFire    . . .     SeeInvis +   a - +1 dagger
rCold    . . .     Gourm    .   (shield restricted)
rNeg     . . .     Faith    .   b - +0 robe
rPois    .         Spirit   .   (helmet restricted)
rElec    .         Reflect  .   (no cloak)
rCorr    .         Harm     .   (gloves unavailable)
MR       .....     NoTele   +   (boots unavailable)
Stlth    +++++.....             c - amulet of invisibility {+Inv}
HPRegen  0.09/turn              (no ring)
MPRegen  0.13/turn              (no ring)

@: confusing touch, very slightly contaminated, very quick
A: very small, unfitting armour, see invisible, herbivore, speed 3, slow
metabolism 2
a: Channel Magic, Renounce Religion, Evoke Invisibility


You were in the Dungeon.
You worshipped Sif Muna.
Sif Muna was aware of your devotion.
You were not hungry.

You visited 1 branch You collected 56 gold pieces.

Inventory:

Hand Weapons
 a - a +1 dagger (weapon)
Armour
 b - a +0 robe (worn)
Jewellery
 c - the amulet of invisibility (around neck) {+Inv}
   (You found it in the Dungeon)

   [amulet of nothing]

   It lets you turn invisible.
Scrolls
 i - a scroll of identify {unknown}
 j - a scroll of blinking
Potions
 e - 4 potions of curing
 g - a potion of haste
 h - 2 potions of magic
Comestibles
 d - 2 rations


   Skills:
 - Level 4.0 Fighting
 - Level 6.0 Short Blades
 * Level 4.5 Dodging
 + Level 11.8 Stealth
 * Level 4.8 Spellcasting
 + Level 5.3 Hexes


You had 7 spell levels left.
You knew the following spells:

 Your Spells              Type           Power        Failure   Level  Hunger
a - Corona                Hex            ###....      1%          1    None
b - Ensorcelled Hibernat  Hex/Ice        ##....       7%          2    #......
A - Confusing Touch       Hex            ###.....     4%          3    ###....

Your spell library contained the following spells:

 Spells                   Type           Power        Failure   Level  Hunger
 Tukima's Dance           Hex            ###.....     4%          3    ###....
 Dazzling Flash           Conj/Hex       ##....       14%         3    ###....


Dungeon Overview and Level Annotations

Branches:
Dungeon (1/1)

Altars:
Cheibriados
Dithmenos
Elyvilon
Gozag
Hepliaklqana
Kikubaaqudgha
Makhleb
Nemelex Xobeh
Okawaru
Qazlal
Ru
Sif Muna
Trog
Uskayaw
Vehumet
Wu Jian
Xom
Yredelemnul
Zin
The Shining One
Beogh
Jiyva
Lugonu

Annotations:
D exclusion: oklob sapling


Innate Abilities, Weirdness & Mutations

You are very small and have problems with some larger weapons.
You are too small for most types of armour.
You have supernaturally acute eyesight. (SInv)
You are a herbivore.
You cover ground extremely quickly.
You need to consume almost no food.


Message History

Adjust (i)tems, (s)pells, or (a)bilities?
Adjust which spell? c - Confusing Touch Adjust to which letter?
A - Confusing Touch
Casting: Corona (safe; 1% risk of failure)
Confirm with . or Enter, or press ? or * to list all spells.
You don't have enough magic to cast that spell.
There is a corrupted altar of Lugonu here.
There is an ancient bone altar of Kikubaaqudgha here.
There is a viscous altar of Jiyva here.
There is a hazy altar of Hepliaklqana here.
There is an opulent altar of Gozag here.
Casting: Corona (safe; 1% risk of failure)
Confirm with . or Enter, or press ? or * to list all spells.
The spell is quite dangerous to cast (4% risk of failure)!
Continue anyway?
Your hands begin to glow red.
The spriggan closely misses you.
You closely miss the spriggan.
The spriggan hits you with a +0 short sword!
You die...

#################################
.P#.....#.$...#.⌠._._._._.⌠.#.['$
..'.....'.#...'.@i._._._._..'..#$
PP#.....#P#...#..._._._._...#..##
############'##.._._._._._..#..#
+...#._._._._._.⌠.####
#...############### #####


You could see a spriggan.

Vanquished Creatures
  3 oklob saplings (D)
  A scorpion (D)
  A worker ant (D)
  A spriggan (D)
  A river rat (D)
  A rat (D)
8 creatures vanquished.

Notes
Turn   | Place    | Note
-------+----------+-------------------------------------------
     0 | D        | MordorOrchid the Spriggan Enchanter began the quest for the
                  | Orb.
     0 | D        | Reached XP level 1. HP: 9/9 MP: 5/5
    11 | D        | Reached skill level 7 in Stealth
    11 | D        | Reached XP level 2. HP: 10/13 MP: 3/6
    12 | D        | Reached skill level 8 in Stealth
    23 | D        | Learned a level 2 spell: Ensorcelled Hibernation
    40 | D        | Noticed an oklob sapling
    43 | D        | Found the amulet of invisibility {+Inv}
    44 | D        | Reached skill level 10 in Stealth
    44 | D        | Reached XP level 3. HP: 10/16 MP: 8/8
    62 | D        | Found an opulent altar of Gozag.
    62 | D        | Found a hazy altar of Hepliaklqana.
    62 | D        | Found a burning altar of Makhleb.
    62 | D        | Found a roughly hewn altar of Beogh.
    62 | D        | Found a sparkling altar of Nemelex Xobeh.
    62 | D        | Found a snail-covered altar of Cheibriados.
    62 | D        | Found a sacrificial altar of Ru.
    62 | D        | Found a shimmering blue altar of Sif Muna.
    62 | D        | Found a shimmering altar of Xom.
    62 | D        | Found a basalt altar of Yredelemnul.
    67 | D        | Found a viscous altar of Jiyva.
    67 | D        | Found a bloodstained altar of Trog.
    67 | D        | Found an ornate altar of the Wu Jian Council.
    67 | D        | Noticed an oklob sapling priest
    68 | D        | Found an iron altar of Okawaru.
    68 | D        | Found a shadowy altar of Dithmenos.
    68 | D        | Found a glowing silver altar of Zin.
    69 | D        | Found an ancient bone altar of Kikubaaqudgha.
    69 | D        | Found a hide-covered altar of Uskayaw.
    70 | D        | Found a stormy altar of Qazlal.
    70 | D        | Found a white marble altar of Elyvilon.
    70 | D        | Found a glowing golden altar of the Shining One.
    71 | D        | Found a corrupted altar of Lugonu.
    71 | D        | Found a radiant altar of Vehumet.
    74 | D        | Killed an oklob sapling priest
    74 | D        | Reached XP level 4. HP: 17/24 MP: 6/9
    77 | D        | Became a worshipper of Sif Muna the Loreminder
    87 | D        | Reached skill level 5 in Short Blades
   126 | D        | Learned a level 3 spell: Confusing Touch
   129 | D        | Reached skill level 11 in Stealth
   129 | D        | Reached XP level 5. HP: 25/29 MP: 9/11
   138 | D        | Reached * piety under Sif Muna
   138 | D        | Reached skill level 5 in Hexes
   166 | D        | Slain by a spriggan

Illustrated notes

Levels and vault maps discovered:
D:        dungeon_sprint_fedhas [sprint_temple]

Skill      XL: |  1  2  3  4  5 |
---------------+----------------+-----
Stealth        | 7 10 11 | 11.8
Fighting       | 3 4 |  4.0
Short Blades   | 4 5 6 |  6.0
Spellcasting   | 3 4 |  4.8
Hexes          | 4 5 |  5.3
Dodging        | 4 |  4.5

Action                   |  1- 3 |  4- 6 || total
-------------------------+-------+-------++-------
Melee: Dagger            |     7 |     9 ||    16
 Cast: Corona            |     2 |     1 ||     3
       Ensorcelled Hiber |       |     4 ||     4
       Confusing Touch   |       |     1 ||     1
 Abil: Evoke Invisibilit |     1 |       ||     1
  Use: Potion            |     1 |     1 ||     2
 Stab: Sleeping          |     2 |     4 ||     6
Dodge: Dodged            |       |     5 ||     5
